 Dungeon Crawl Stone Soup version 0.27.1 (webtiles) character file.

Game seed: 2586166753633841026

48 Naeght the Chiller (level 3, -2/24 HPs)
             Began as a Merfolk Ice Elementalist on Aug 22, 2021.
             Killed from afar by Terence (11 damage)
             ... with a puff of flame
             ... on level 2 of the Dungeon.
             The game lasted 00:03:11 (2506 turns).

Naeght the Chiller (Merfolk Ice Elementalist)       Turns: 2506, Time: 00:03:11

Health: -2/24      AC:  8    Str:  9    XL:     3   Next: 72%
Magic:  1/6        EV: 12    Int: 14    God:
Gold:   42         SH:  0    Dex: 14    Spells: 2/6 levels left

rFire    . . .     SeeInvis .   (no weapon)
rCold    . . .     Faith    .   (no shield)
rNeg     . . .     Spirit   .   a - +0 robe
rPois    .         Reflect  .   (no helmet)
rElec    .         Harm     .   (no cloak)
rCorr    .         Rampage  .   (no gloves)
Will     .....                  (no boots)
Stlth    ++........             (no amulet)
HPRegen  0.08/turn              (no ring)
MPRegen  0.10/turn              (no ring)

@: ice-armoured
A: (nimble swimmer 2), mertail
a: no special abilities


You were on level 2 of the Dungeon.
You visited 1 branch of the dungeon, and saw 2 of its levels.

You collected 42 gold pieces.

Inventory:

Armour
 a - a +0 robe (worn)
Scrolls
 b - a scroll of enchant armour {unknown}
 e - a scroll of vulnerability {unknown}
 f - a scroll of enchant weapon {unknown}
Potions
 c - 2 potions of heal wounds {unknown}
 d - a potion of might {unknown}


   Skills:
 - Level 2.6 Dodging
 - Level 2.1 Stealth
 - Level 2.0 Spellcasting
 * Level 5.8 Ice Magic


You had 2 spell levels left.
You knew the following spells:

 Your Spells              Type           Power      Damage    Failure   Level
a - Freeze                Ice            68%        1d8       2%          1
b - Ozocubu's Armour      Ice            17%        N/A       6%          3

Your spell library contained the following spells:

 Spells                   Type           Power      Damage    Failure   Level
 Frozen Ramparts          Ice            34%        1d5       6%          3
 Hailstorm                Conj/Ice       9%         3d4       56%         4


Dungeon Overview and Level Annotations

Branches:
Dungeon (2/15)

Altars:

Annotations:
D:2 Terence


Innate Abilities, Weirdness & Mutations

((You are quick and stealthy near water. (Stealth+, EV+, Speed+++)))
Your lower body shifts to a powerful aquatic tail in water.


Message History

You can't see any susceptible monsters within range! (Use Z to cast anyway.) Magic restored.
HP restored.
f - a scroll labelled ZUUH COURCHIJE Terence the Incautious comes into view.
He is wielding a +0 short sword and carrying a wand of flame (22).
Terence shouts!
Terence moves out of view.
Terence is nearby!
Terence is nearby!
Terence is nearby!
Casting: Freeze (safe; 2% risk of failure)
Confirm with . or Enter, or press ? or * to list all spells.
The spell is quite dangerous to cast (6% risk of failure)!
Continue anyway?
A film of ice covers your body!
Terence zaps a wand.
The puff of flame misses you.
You freeze Terence.
Terence is moderately wounded.
Terence hits you but does no damage.
You freeze Terence!
Terence is severely wounded.
Terence zaps a wand.
The puff of flame hits you! The heat melts your icy armour.
You freeze Terence.
Terence is almost dead.
Terence says, "Don't bother to defend, it's useless."
Terence hits you with a +0 short sword.
You hit Terence but do no damage.
Terence is almost dead.
Terence barely misses you.
You hit Terence but do no damage.
Terence is almost dead.
Terence hits you with a +0 short sword.
Unknown command.
You hit Terence.
Terence is almost dead.
Terence zaps a wand.
The puff of flame misses you.
You hit Terence but do no damage.
Terence is almost dead.
Terence zaps a wand.
The puff of flame hits you!
You die...

#......#
.....
#..###.#
.... #..#
#.# ...
##.###.# ..
#..##.# #
#..##.#
#.####..##.#
#.......##
#######@.#
##@# .# ..
... ...#
#..# ..#


You could see Terence.

Vanquished Creatures
  An adder (D:2)
  3 ball pythons (D:1)
  3 endoplasms (D:1)
  A giant cockroach (D:1)
  5 goblins
  2 hobgoblins (D:1)
  6 jackals (D:1)
  A kobold (D:1)
  2 quokkas (D:1)
  2 bats (D:1)
  2 frilled lizards (D:1)
  5 rats (D:1)
33 creatures vanquished.

Notes
Turn   | Place    | Note
-------+----------+-------------------------------------------
     0 | D:1      | Naeght the Merfolk Ice Elementalist began the quest for the
                  | Orb.
     0 | D:1      | Reached XP level 1. HP: 13/13 MP: 3/3
   550 | D:1      | Reached XP level 2. HP: 17/19 MP: 3/5
   644 | D:1      | Reached skill level 5 in Ice Magic
  1303 | D:1      | Reached XP level 3. HP: 24/24 MP: 3/6
  1726 | D:1      | Learned a level 3 spell: Ozocubu's Armour
  2494 | D:2      | Noticed Terence
  2506 | D:2      | Killed from afar by Terence

Illustrated notes

Levels and vault maps discovered:
D:1:      mrwooster_arrival_arrow, layout_basic
D:2:      layout_basic, basic_altar, shapermc_ecumenical_altar_mp_highgroup,
          uniq_terence

Skill      XL: |  1  2 |
---------------+-------+-----
Ice Magic      | 5 |  5.8
Dodging        | |  2.6
Stealth        | |  2.1
Spellcasting   | |  2.0

Action                   || total
-------------------------++-------
Melee: Unarmed           ||    37
 Cast: Freeze            ||    52
       Ozocubu's Armour  ||     1
 Stab: Sleeping          ||     1
Armor: Robe              ||    11
Dodge: Dodged            ||    52
